 Dungeon Crawl Stone Soup version 0.30.1-11-g7821555f0a (webtiles) character file.

Game seed: 18202517181937084647

6860 Peloso the Carver (level 10, -12/90 HPs)
             Began as a Minotaur Fighter on Jan 5, 2024.
             Was a Priest of Okawaru.
             Mangled by Grum
             ... wielding a -2 spear
              (17 damage)
             ... on level 9 of the Dungeon.
             The game lasted 00:16:30 (8773 turns).

Peloso the Carver (Minotaur Fighter)                Turns: 8773, Time: 00:16:30

Health: -12/90     AC: 15    Str: 21    XL:     10   Next: 78%
Magic:  9/9        EV: 10    Int:  5    God:    Okawaru [***...]
Gold:   244        SH:  6    Dex: 14    Spells: 9/9 levels left

rFire   . . .        a - +2 long sword (vamp)
rCold   . . .        d - +0 buckler
rNeg    . . .        u - +0 chain mail
rPois   .            (helmet restricted)
rElec   .            r - +0 cloak
rCorr   .            c - +0 pair of gloves
SInv    .            D - +0 pair of boots {Fly}
Will    .....        (no amulet) Stlth
                     (no ring)
HPRegen 0.35/turn    (no ring)
MPRegen 0.11/turn

%: no passive effects
@: flying
A: horns 2, retaliatory headbutt
a: Renounce Religion, Heroism


You were on level 9 of the Dungeon.
You worshipped Okawaru.
Okawaru was most pleased with you.
You visited 2 branches of the dungeon, and saw 10 of its levels.

You collected 665 gold pieces.
You spent 421 gold pieces at shops.

Inventory:

Hand Weapons
 a - a +2 vampiric long sword (weapon)
 b - a +2 long sword
Missiles
 H - a throwing net (quivered)
Armour
 c - a +0 pair of gloves (worn)
 d - a +0 buckler (worn)
 r - a +0 cloak (worn)
 u - a +0 chain mail (worn)
 v - a +2 pair of boots
 D - a +0 pair of boots of flying (worn)
Wands
 f - a wand of flame (33)
 i - a wand of roots (9)
 w - a wand of acid (3)
 y - a wand of charming (25)
 F - a wand of mindburst (6)
Scrolls
 e - a scroll of silence
 h - a scroll of brand weapon
 j - a scroll of immolation
 k - 2 scrolls of identify
 l - 3 scrolls of enchant armour {unknown}
 m - 2 scrolls of enchant weapon {unknown}
 o - 4 scrolls of teleportation
 A - 2 scrolls of blinking {unknown}
 B - a scroll of magic mapping {unknown}
 C - a scroll of amnesia {unknown}
Potions
 g - 5 potions of might
 n - 5 potions of heal wounds
 p - 3 potions of curing
 q - 2 potions of ambrosia {unknown}
 s - a potion of mutation
 t - a potion of berserk rage
 x - 2 potions of invisibility {unknown}
 z - a potion of brilliance {unknown}
 E - a potion of resistance {unknown}
 G - a potion of haste {unknown}


   Skills:
 + Level 8.5 Fighting
 + Level 13.5 Long Blades
 + Level 9.6 Armour
 + Level 3.9 Dodging
 + Level 1.0 Stealth
 + Level 7.4 Shields
 + Level 0.2 Invocations
 + Level 1.8 Evocations


You had 9 spell levels left.
You didn't know any spells.
Your spell library contained the following spells:

 Spells                   Type           Power      Damage    Failure   Level
 Frozen Ramparts          Ice            0%         1d1       100%        3
 Gell's Gravitas          Tloc           0%         N/A       100%        3
 Hailstorm                Conj/Ice       0%         3d3       100%        3
 Teleport Other           Tloc           0%         N/A       100%        3
 Ice Form                 Ice/Tmut       0%         N/A       100%        4
 Leda's Liquefaction      Hex/Erth       0%         N/A       100%        4
 Lee's Rapid Deconstruct  Erth           0%         3d4*      100%        5
 Dispersal                Tloc           0%         N/A       100%        6
 Statue Form              Tmut/Erth      0%         N/A       100%        6
 Summon Ice Beast         Ice/Summ       Unusable   N/A       N/A         4
 Simulacrum               Ice/Necr       Unusable   N/A       N/A         6

Dungeon Overview and Level Annotations

Branches:
Dungeon (9/15)             Temple (1/1) D:6
   Lair: D:8-11         Orc: D:9-12

Altars:
Cheibriados
Dithmenos
Elyvilon
Fedhas
Gozag
Hepliaklqana
Kikubaaqudgha
Makhleb
Nemelex Xobeh
Okawaru
Qazlal
Ru
Sif Muna
Trog
Uskayaw
Vehumet
Wu Jian
Xom
Yredelemnul
Zin

Shops:
D:4 !   D:5 *   D:7 !   D:8 [   D:9 *

Annotations:
D:4 2 transporters, Dirol's ghost, amateur HOBe
D:9 Grum


Innate Abilities, Weirdness & Mutations

You have a pair of horns on your head.
You reflexively headbutt those who attack you in melee.


Message History

Grum hits you from afar with a -2 spear!
You miss the wolf. You headbutt the wolf.
The wolf is severely wounded.
The wolf bites you. Grum closely misses you.
You barely miss the wolf. You headbutt the wolf.
The wolf is almost dead.
The wolf bites you. Grum barely misses you. You block the wolf's attack.
You closely miss the wolf.
The wolf is almost dead.
Grum barely misses you. The wolf completely misses you.
You hit the wolf but do no damage.
The wolf is almost dead.
You block the wolf's attack. You block Grum's attack.
You slash the wolf!
You kill the wolf!
Okawaru accepts your kill. Grum barely misses you. You block Grum's attack.
Grum hits you with a -2 spear!!
You barely miss Grum. You block Grum's attack.
You hit Grum.
You feel better.
Grum is lightly wounded.
Grum hits you with a -2 spear!
You barely miss Grum. You headbutt Grum!
Grum is moderately wounded.
You block Grum's attack.
You slash Grum!
You feel better.
Your headbutt misses Grum.
Grum is heavily wounded.
You block Grum's attack. Grum barely misses you.
You slash Grum!
Grum is severely wounded.
Grum hits you with a -2 spear!
* * * LOW HITPOINT WARNING * * *
You slash Grum!
Grum is almost dead.
Grum hits you with a -2 spear!
* * * LOW HITPOINT WARNING * * *
You hit Grum.
Grum is almost dead.
Grum hits you with a -2 spear!
You die...

...# ### #..# ##.# ####
#.# #..# #..# ## #.#
#.###..# #..# .# #.#
#......# #..##### .#
#.########.# ####......#
.# #..........#
...##.####.## .#
#..######### .....###
#.#. .# #..# ####......
#.#. .# #..# #.@g..._..
#(#. [# #..#
####†##...... #.#. .#
#..###.....# ..... #.#.
.# #..##...#### ...#
#.#. .# #..........# ###
#####.#. .# #.###...##.#
##....... ## #.
..>.###.########...##.##
# ########
#.#.......>.....# ##
#.#.######...####


You could see Grum (berserk).

Vanquished Creatures
  Harold (D:9)
  A two-headed ogre (D:8)
  Maurice (D:9)
  Joseph (D:8)
  2 trolls (D:9)
  A hornet (D:9)
  A vampire (D:9)
  4 yaks (D:9)
  3 steam dragons
  A water moccasin (D:8)
  2 black bears (D:5)
  An orc warrior (D:9)
  2 ice beasts
  2 wolves (D:9)
  A centaur (D:7)
  2 phantoms
  3 kobold brigands
  2 bullfrogs
  2 water moccasin zombies (D:5)
  A scorpion (D:5)
  3 wights (D:6)
  10 killer bees
  2 howler monkeys (D:9)
  A bullfrog zombie (D:5)
  2 centaur zombies (D:5)
  2 orc priests
  A gnoll bouda (D:6)
  6 hounds
  An iron imp (D:4)
  A sleepcap (D:7)
  3 iguanas
  12 orc wizards
  Robin (D:2)
  12 adders
  6 gnolls (D:6)
  A shadow imp (D:6)
  2 white imps
  2 ufetubi (D:6)
  4 worms
  4 dart slugs
  17 orcs
  12 ball pythons
  5 endoplasms
  A giant cockroach (D:4)
  17 hobgoblins
  3 jackals
  16 kobolds
  A quokka (D:4)
  7 bats
  3 frilled lizards (D:2)
  15 goblins
  3 rats
210 creatures vanquished.

Notes
Turn   | Place    | Note
-------+----------+-------------------------------------------
     0 | D:1      | Peloso the Minotaur Fighter began the quest for the Orb.
     0 | D:1      | Reached XP level 1. HP: 19/19 MP: 0/0
   490 | D:1      | Reached XP level 2. HP: 27/27 MP: 1/1
   815 | D:2      | Noticed Robin
   914 | D:1      | Reached skill level 3 in Long Blades
   956 | D:1      | Reached XP level 3. HP: 33/33 MP: 2/2
  1073 | D:2      | Killed Robin
  1233 | D:2      | Reached XP level 4. HP: 37/40 MP: 3/3
  1425 | D:2      | Found a snail-covered altar of Cheibriados.
  1588 | D:2      | Reached skill level 4 in Long Blades
  2511 | D:3      | Reached XP level 5. HP: 46/46 MP: 4/4
  2854 | D:4      | Reached skill level 1 in Dodging
  2944 | D:4      | Found a transporter.
  2954 | D:4      | Found a transporter.
  2964 | D:4      | Noticed Dirol's ghost (amateur HOBe)
  3079 | D:4      | Found a blossoming altar of Fedhas.
  3168 | D:4      | Found a hazy altar of Hepliaklqana.
  3384 | D:4      | Found Voazag's Distillery.
  3387 | D:4      | Bought a potion of mutation for 88 gold pieces
  3387 | D:4      | Bought a potion of berserk rage for 55 gold pieces
  3387 | D:4      | Bought a potion of might for 44 gold pieces
  3465 | D:4      | Found a snail-covered altar of Cheibriados.
  3539 | D:4      | Reached skill level 5 in Long Blades
  3539 | D:4      | Reached skill level 5 in Armour
  3609 | D:5      | Entered Level 5 of the Dungeon
  3634 | D:5      | Noticed a phantom
  3639 | D:5      | Reached XP level 6. HP: 52/53 MP: 5/5
  3792 | D:5      | Noticed an ice beast
  3812 | D:5      | Killed an ice beast
  3813 | D:5      | Reached skill level 6 in Long Blades
  3813 | D:5      | Reached skill level 5 in Shields
  3813 | D:5      | Reached XP level 7. HP: 40/60 MP: 6/6
  3955 | D:5      | Found Faur Hep's General Store.
  3969 | D:5      | Bought a scroll of teleportation for 33 gold pieces
  4327 | D:5      | Reached skill level 5 in Fighting
  4327 | D:5      | Reached skill level 7 in Long Blades
  4372 | D:5      | Found a basalt altar of Yredelemnul.
  4445 | D:5      | Reached skill level 8 in Long Blades
  4644 | D:6      | Reached XP level 8. HP: 68/68 MP: 7/7
  4954 | D:6      | Reached skill level 9 in Long Blades
  4977 | D:6      | Found an opulent altar of Gozag.
  5352 | D:6      | Found an ornate altar of the Wu Jian Council.
  5526 | D:6      | Found a staircase to the Ecumenical Temple.
  5538 | Temple   | Entered the Ecumenical Temple
  5938 | D:7      | Found a sparkling altar of Nemelex Xobeh.
  5966 | D:7      | Reached skill level 10 in Long Blades
  6271 | D:7      | Reached XP level 9. HP: 75/75 MP: 8/8
  6304 | D:7      | Found Mongaul's Distillery.
  6318 | D:7      | Identified the +5 flail of Departure {freeze, rF+ Will+
                  | rCorr}
  6342 | D:7      | Bought a potion of heal wounds for 55 gold pieces
  6653 | D:8      | Noticed Joseph
  6663 | D:8      | Killed Joseph
  6664 | D:8      | Reached skill level 11 in Long Blades
  6782 | D:8      | Found a shimmering altar of Xom.
  7130 | D:8      | Found an iron altar of Okawaru.
  7138 | D:8      | Became a worshipper of Warmaster Okawaru
  7327 | D:8      | Found a hide-covered altar of Uskayaw.
  7440 | D:8      | Found Cacuesch's Armour Shop.
  7446 | D:8      | Bought a +0 pair of boots of flying for 115 gold pieces
  7642 | D:8      | Noticed a two-headed ogre
  7645 | D:8      | Found a radiant altar of Vehumet.
  7652 | D:8      | Killed a two-headed ogre
  7653 | D:8      | Reached skill level 12 in Long Blades
  7728 | D:8      | Reached * piety under Okawaru
  7874 | D:9      | Found Roos's Assorted Antiques.
  7879 | D:9      | Noticed Maurice
  7901 | D:9      | Reached XP level 10. HP: 55/86 MP: 6/9
  7922 | D:9      | Killed Maurice
  7937 | D:9      | Bought a scroll labelled WAIWOS BIEPH for 31 gold pieces
  7988 | D:9      | Reached skill level 1 in Evocations
  8250 | D:9      | Noticed Harold
  8262 | D:9      | Killed Harold
  8262 | D:9      | Reached ** piety under Okawaru
  8348 | D:9      | Reached skill level 13 in Long Blades
  8657 | D:9      | Reached *** piety under Okawaru
  8658 | D:9      | Reached skill level 1 in Stealth
  8754 | D:9      | Found a stormy altar of Qazlal.
  8754 | D:9      | Noticed Grum
  8773 | D:9      | Mangled by Grum

Illustrated notes

Levels and vault maps discovered:
D:1:      onia_arrival_mini_spirals, layout_basic, minmay_door_square,
          minivault_23
D:2:      minmay_recursive_quarters, layout_rooms, basic_altar,
          minmay_misc_feat_chi, kennysheep_minor_cross,
          kennysheep_big_empty_room, uniq_robin
D:3:      layout_loops_corners, minmay_close_crescents
D:4:      layout_basic, chei_slow_surprise, fedhas_altar_3,
          mainiacjoe_overflow_catwalk, serial_shops,
          nicolae_shop_tiny_real_fake_doors, gammafunk_ghost_stat_death,
          serial_park_tiny_2, st_stairs_6
D:5:      layout_basic, nicolae_yredelemnul_corpse_copse, serial_shops, shop,
          amethyst_killhole
D:6:      layout_basic, grunt_gozag_breadcrumbs,
          mainiacjoe_overflow_cross_hatched, minmay_temple_entry_nine_rooms
D:7:      layout_basic, lemuel_tele_altar, serial_shops, shop
D:8:      layout_loops_corners, nicolae_uskayaw_dance_studio,
          okawaru_altar_gauntlet_db, overflow_temple_1_default,
          lemuel_round_altar, serial_shops, nicolae_shop_pleasant_corner_grove,
          serial_bayou_pond_a, uniq_joseph
D:9:      layout_loops_ring, lemuel_round_altar, serial_shops, shop,
          dk_rats_in_the_wall, uniq_grum, uniq_maurice, uniq_harold
Temple:   hellmonk_temple_forest_ring

Skill      XL: |  1  2  3  4  5  6  7  8  9 10 |
---------------+-------------------------------+-----
Shields        | 4 5 6 7 |  7.4
Armour         | 4 5 6 8 9 |  9.6
Long Blades    | 3 4 5 6 8 10 12 13 | 13.5
Fighting       | 4 5 7 8 |  8.5
Dodging        | 2 3 |  3.9
Evocations     | 1 |  1.8
Stealth        | 1 |  1.0
Invocations    | |  0.2

Action                     |  1- 3 |  4- 6 |  7- 9 | 10-12 || total
---------------------------+-------+-------+-------+-------++-------
  Melee: Long sword        |    87 |   162 |   377 |   118 ||   744
         Headbutt          |     9 |    30 |    63 |    21 ||   123
 Invoke: Heroism           |       |       |     1 |       ||     1
  Evoke: Wand              |       |       |     6 |     8 ||    14
    Use: Potion            |     1 |     2 |       |     1 ||     4
         Scroll            |       |     3 |     4 |       ||     7
 Armour: Scale mail        |    85 |    74 |       |       ||   159
         Chain mail        |       |    25 |   213 |    36 ||   274
  Dodge: Dodged            |    77 |    59 |   149 |    40 ||   325
  Block: Buckler           |    30 |    44 |    77 |    28 ||   179
